Map: Dusk Towers

Players

LilDicky

  • Race: Terran Terran
  • League: Diamond

mmm - Winner!

  • Race: Terran Terran
  • League: Diamond

VOD

http://www.twitch.tv/tumescentpie

Description

Time

  • Played on: Dec. 23, 2015, 10:52 p.m.
  • Length: 5:39
Show
View Real Time Build Order
Export as new Build Order

LilDicky Terran 

Build Orders:  

Get SALT Encoding   

  12  0:01  SCV  
  13  0:14  SCV  
  14  0:18  Supply Depot  
  14  0:26  SCV  
  15  0:32  Refinery  
  15  0:39  SCV  
  16  0:52  SCV  
  16  0:55  Barracks  
  17  1:04  SCV  
  18  1:16  SCV  
  18  1:17  Refinery  
  19  1:28  SCV  
  20  1:42  Marine  
  20  1:43  Orbital Command  
  20  1:44  Supply Depot  
  21  1:49  Factory  
  21  2:00  Marine  
  22  2:17  SCV  
  22  2:21  Marine  
  24  2:31  SCV  
  25  2:41  Factory Tech Lab  
  25  2:42  Starport  
  25  2:43  Marine  
  25  3:01  Command Center  
  25  3:03  SCV, Marine  
  29  3:07  Siege Tank  
  30  3:15  SCV  
  31  3:25  Supply Depot  
  31  3:26  Medivac, Marine  
  34  3:39  Siege Tank  
  37  3:43  SCV  
  38  3:55  SCV  
  39  3:58  Medivac  
  41  4:07  SCV  
  41  4:19  SCV  
  41  4:22  Marine  
  43  4:28  Medivac  
  45  4:31  SCV  
  46  4:39  Siege Tank  
  46  4:40  Marine  
  46  4:42  Orbital Command  
  50  4:46  SCV, Engineering Bay  
  51  4:58  SCV, Marine  
  52  5:10  SCV  
  52  5:13  SCV  
  52  5:14  Engineering Bay  
  52  5:16  Marine  
Show
View Real Time Build Order
Export as new Build Order

mmm Terran - Winner!

Build Orders: Banshee Rush 

Get SALT Encoding   

  12  0:01  SCV  
  13  0:16  Supply Depot  
  13  0:19  SCV  
  14  0:26  Refinery  
  14  0:31  SCV  
  15  0:42  Barracks  
  15  0:48  SCV  
  16  1:00  SCV  
  17  1:11  Supply Depot  
  17  1:12  SCV  
  18  1:20  Refinery  
  18  1:24  SCV  
  19  1:31  Reaper  
  20  1:36  Orbital Command  
  20  1:50  Factory  
  20  2:03  Reaper  
  21  2:14  SCV  
  22  2:22  Supply Depot  
  22  2:26  SCV  
  23  2:35  Starport  
  23  2:38  SCV, Reaper  
  25  2:50  SCV  
  25  3:02  SCV  
  25  3:05  Factory Tech Lab  
  26  3:14  SCV  
  27  3:23  Engineering Bay  
  27  3:26  SCV  
  27  3:34  Banshee, Cloaking Field  
  27  3:35  Widow Mine  
  27  3:38  SCV  
  33  3:50  SCV  
  34  4:03  SCV  
  34  4:06  Command Center  
  34  4:09  Widow Mine  
  34  4:13  Missile Turret  
  34  4:15  SCV  
  37  4:23  Missile Turret  
  37  4:27  SCV, Supply Depot  
  38  4:39  SCV  
  38  4:41  Factory Tech Lab  
  38  4:43  Supply Depot  
  39  4:49  Banshee  
  39  4:51  SCV  
  43  5:00  Marine  
  43  5:02  Siege Tank  
  47  5:08  Supply Depot  
  47  5:18  Marine  
  47  5:19  Missile Turret  
Tags
 
Add a new tag
Caveats
  • Supply blocks, unpowered buildings, or Contaminate may cause inaccurate times.
  • Supply counts are checked every 10 seconds.